Map: Ruins of Endion

Players

Fropez

  • Race: Protoss Protoss
  • League: Silver
  • Spawn Location: 7:00

ytguytuig - Winner!

  • Race: Protoss Protoss
  • League: Silver
  • Spawn Location: 5:00

VOD

Have the link to the VOD?

Description

Time

  • Played on: May 11, 2016, 1:45 p.m.
  • Length: 20:00
Show
View Real Time Build Order
Export as new Build Order

Fropez Protoss 

Build Orders:  

Get SALT Encoding   

  12  0:01  Probe (Chrono Boost)  
  13  0:17  Pylon  
  13  0:26  Pylon  
  13  0:29  Probe (Chrono Boost)  
  13  0:34  Assimilator  
  14  0:39  Probe (Chrono Boost)  
  15  0:47  Gateway  
  15  0:52  Pylon  
  15  0:56  Probe (Chrono Boost)  
  16  1:04  Assimilator  
  16  1:07  Probe (Chrono Boost)  
  17  1:17  Probe (Chrono Boost)  
  18  1:30  Pylon  
  18  1:49  Cybernetics Core  
  18  1:50  Probe (Chrono Boost)  
  19  2:03  Gateway  
  19  2:10  Probe (Chrono Boost)  
  20  2:17  Gateway  
  20  2:33  Warp Gate (Chrono Boost)  
  20  2:34  Mothership Core (Chrono Boost)  
  22  2:40  Pylon  
  22  2:49  Pylon  
  22  2:53  Probe (Chrono Boost)  
  23  3:15  Probe  
  23  3:17  Pylon  
  24  3:23  Gateway  
  24  3:25  Pylon  
  24  3:28  Probe  
  25  3:46  Pylon  
  22  4:26  Adept x4  
  22  4:29  Nexus  
  22  4:34  Adept x2  
  22  4:35  Adept x2  
  31  4:50  Mothership Core  
  32  5:03  Adept x2  
  36  5:07  Assimilator  
  36  5:10  Pylon  
  36  5:12  Assimilator  
  36  5:15  Probe  
  37  5:27  Probe  
  38  5:35  Adept x3  
  44  5:38  Adept  
  44  5:42  Probe  
  47  5:46  Probe  
  48  6:09  Adept x2  
  52  6:23  Pylon  
  44  7:00  Pylon  
  44  7:11  Stalker x2  
  44  7:12  Stalker x2  
  44  7:13  Probe  
  44  7:14  Probe  
  53  7:36  Forge  
  53  7:40  Forge  
  53  7:42  Probe  
  50  8:08  Probe  
  50  8:09  Probe  
  40  8:27  Nexus  
  40  8:32  Protoss Ground Weapons Level 1 (Chrono Boost)  
  40  8:40  Protoss Ground Armor Level 1 (Chrono Boost)  
  40  8:44  Probe  
  41  8:59  Twilight Council  
  41  9:10  Probe (Chrono Boost)  
  41  9:13  Probe (Chrono Boost)  
  43  9:25  Stalker x2  
  43  9:28  Zealot  
  49  9:31  Probe (Chrono Boost)  
  49  9:34  Blink (Chrono Boost)  
  49  9:36  Probe (Chrono Boost)  
  51  9:39  Probe (Chrono Boost)  
  51  9:43  Probe (Chrono Boost)  
  53  9:56  Probe  
  53  9:59  Probe  
  55  10:05  Zealot  
  55  10:09  Stalker  
  57  10:20  Probe  
  57  10:21  Pylon, Probe  
  58  10:23  Probe  
  60  10:44  Probe  
  60  10:46  Stalker  
  60  10:47  Probe, Stalker  
  60  10:49  Probe  
  67  10:52  Pylon  
  67  10:58  Probe  
  67  10:59  Robotics Facility  
  68  11:06  Protoss Ground Weapons Level 2 (Chrono Boost)  
  68  11:12  Protoss Ground Armor Level 2 (Chrono Boost), Probe  
  68  11:13  Templar Archives  
  68  11:14  Probe  
  68  11:15  Probe  
  71  11:33  Probe x2  
  71  11:38  Probe  
  74  11:46  Observer  
  75  11:56  Gateway  
  75  11:57  Gateway  
  75  12:01  Gateway  
  75  12:05  Pylon  
  75  12:08  Observer, Probe  
  77  12:09  Probe  
  77  12:11  Probe  
  79  12:15  Zealot  
  79  12:20  High Templar x2, Probe  
  79  12:21  High Templar  
  88  12:29  Observer  
  89  12:42  Robotics Bay  
  89  12:46  Pylon  
  89  12:58  High Templar x3  
  91  13:02  Archon x2  
  91  13:03  Archon  
  95  13:06  Nexus  
  95  13:09  Assimilator  
  95  13:11  Assimilator  
  95  13:15  Protoss Ground Weapons Level 3 (Chrono Boost)  
  95  13:16  Pylon  
  95  13:17  Pylon  
  95  13:22  Pylon  
  95  13:28  Pylon  
  95  13:32  Probe x2  
  95  13:33  Probe  
  98  13:52  Pylon  
  98  13:55  Assimilator  
  98  13:57  Assimilator  
  98  14:26  Dark Shrine  
  98  14:35  Nexus  
  98  14:37  Pylon  
  98  14:40  Pylon  
  98  14:43  Assimilator  
  98  14:48  Assimilator  
  98  14:54  Probe  
  98  14:55  Probe x3, Dark Shrine  
  98  14:56  Pylon  
  102  15:09  Gateway  
  100  15:15  Gateway  
  100  15:17  Gateway  
  100  15:19  Gateway  
  100  15:21  Gateway  
  100  15:22  Gateway  
  100  15:23  Pylon  
  100  15:25  Pylon  
  100  15:40  Probe x2  
  102  15:56  Gravitic Drive (Chrono Boost)  
  102  15:57  Zealot x5  
  102  15:58  Zealot  
  114  16:04  Warp Prism  
  112  16:39  Dark Templar  
  114  16:40  Dark Templar x5  
  116  16:58  Robotics Facility  
  116  16:59  Gateway  
  116  17:02  Gateway x2  
  116  17:05  Gateway  
  116  17:06  Pylon  
  103  17:18  High Templar x4  
  103  17:20  Stalker  
  113  17:25  Photon Cannon  
  113  17:26  Photon Cannon, Mothership Core  
  113  17:27  Photon Cannon  
  113  17:28  Nexus, Photon Cannon  
  113  17:30  Pylon, Photon Cannon  
  113  17:32  Assimilator  
  113  17:33  Pylon  
  113  17:34  Assimilator  
  111  17:37  Photon Cannon x2  
  111  17:38  Pylon  
  111  17:40  Pylon  
  111  17:41  Pylon  
  111  17:43  Probe x2  
  111  17:46  Probe  
  113  17:53  Probe x2  
  113  17:55  Nexus  
  113  17:56  Probe  
  113  17:58  Assimilator  
  113  18:00  Assimilator  
  113  18:02  Pylon  
  113  18:04  Probe x2  
  113  18:05  Pylon  
  89  18:06  Observer  
  67  18:14  Probe x2  
  68  18:22  Stalker x2  
  68  18:23  Stalker x4  
  68  18:24  Stalker x3  
  68  18:25  Probe x2, Stalker  
  78  18:37  Probe x2  
  70  18:46  Forge, Cybernetics Core  
  70  18:47  Probe  
  70  18:51  Twilight Council  
  70  18:53  Stalker x3  
  70  18:54  Probe, Stalker  
  79  19:09  Observer  
  80  19:10  Probe  
  80  19:11  Probe x2  
  80  19:12  Probe  
  84  19:27  Probe, Stargate  
  84  19:28  Stargate  
  84  19:29  Probe, Stargate  
  84  19:30  Probe x2  
  86  19:38  Probe  
  89  19:49  Zealot x3  
  89  19:50  Zealot x2  
Show
View Real Time Build Order
Export as new Build Order

ytguytuig Protoss - Winner!

Build Orders:  

Get SALT Encoding   

  12  0:02  Probe (Chrono Boost)  
  13  0:13  Probe (Chrono Boost)  
  14  0:23  Probe (Chrono Boost)  
  15  0:36  Pylon  
  15  0:54  Probe (Chrono Boost)  
  16  1:05  Probe (Chrono Boost)  
  16  1:08  Gateway  
  17  1:15  Nexus  
  17  1:21  Assimilator  
  17  1:37  Probe (Chrono Boost)  
  18  1:47  Probe (Chrono Boost)  
  18  1:51  Forge  
  19  1:56  Zealot  
  19  1:58  Probe (Chrono Boost)  
  22  2:14  Cybernetics Core  
  22  2:41  Assimilator  
  22  2:51  Probe (Chrono Boost)  
  25  2:58  Adept  
  25  3:01  Probe (Chrono Boost)  
  26  3:08  Probe (Chrono Boost)  
  26  3:12  Probe (Chrono Boost)  
  28  3:18  Probe (Chrono Boost)  
  28  3:19  Stargate  
  29  3:20  Pylon  
  29  3:21  Warp Gate  
  29  3:29  Probe (Chrono Boost)  
  30  3:39  Probe (Chrono Boost), Mothership Core (Chrono Boost)  
  33  3:47  Stalker  
  34  3:50  Probe (Chrono Boost)  
  34  4:11  Probe (Chrono Boost)  
  35  4:22  Probe (Chrono Boost)  
  36  4:32  Probe (Chrono Boost)  
  37  4:41  Pylon  
  37  4:44  Photon Cannon  
  37  4:51  Photon Cannon  
  37  4:58  Probe (Chrono Boost)  
  38  5:03  Photon Cannon  
  38  5:08  Photon Cannon  
  38  5:09  Probe (Chrono Boost)  
  38  5:11  Stargate  
  39  5:19  Probe (Chrono Boost), Assimilator  
  40  5:24  Assimilator  
  40  5:30  Probe (Chrono Boost), Oracle  
  44  5:40  Probe (Chrono Boost)  
  45  5:52  Probe (Chrono Boost)  
  46  5:58  Oracle  
  46  6:01  Stalker  
  46  6:03  Probe (Chrono Boost)  
  52  6:07  Gateway  
  52  6:14  Probe (Chrono Boost)  
  53  6:24  Probe (Chrono Boost)  
  51  6:47  Probe (Chrono Boost)  
  52  7:03  Pylon  
  52  7:05  Fleet Beacon  
  52  7:08  Pylon  
  52  7:11  Stalker  
  52  7:12  Pylon  
  54  7:20  Void Ray x2  
  58  7:37  Stalker  
  60  7:53  Stargate  
  57  8:33  Stalker  
  59  8:38  Void Ray  
  59  8:39  Void Ray x2  
  71  8:50  Stalker  
  73  8:59  Protoss Air Weapons Level 1  
  73  9:14  Nexus  
  73  9:16  Assimilator  
  73  9:21  Tempest  
  73  9:22  Probe (Chrono Boost)  
  78  9:39  Pylon  
  78  9:46  Pylon  
  78  9:57  Tempest x2  
  86  10:04  Probe (Chrono Boost)  
  86  10:06  Photon Cannon  
  87  10:09  Photon Cannon  
  87  10:14  Photon Cannon  
  87  10:23  Probe (Chrono Boost)  
  88  10:30  Tempest  
  88  10:33  Probe (Chrono Boost)  
  93  10:44  Probe (Chrono Boost)  
  93  10:47  Assimilator  
  101  10:50  Probe (Chrono Boost)  
  101  10:58  Protoss Air Weapons Level 2  
  101  11:00  Probe (Chrono Boost)  
  101  11:04  Protoss Shields Level 1  
  102  11:11  Probe (Chrono Boost), Robotics Facility  
  103  11:26  Stalker  
  103  11:27  Stalker  
  107  11:49  Pylon  
  107  11:51  Pylon  
  107  11:59  Observer  
  108  12:08  Tempest x2 (Chrono Boost)  
  116  12:09  Tempest (Chrono Boost)  
  120  12:21  Observer  
  121  12:28  Graviton Catapult  
  121  12:29  Pylon  
  121  12:33  Pylon  
  121  12:37  Pylon  
  121  12:42  Observer  
  121  12:44  Cybernetics Core  
  122  12:48  Carrier (Chrono Boost)  
  128  12:53  Carrier x2 (Chrono Boost)  
  140  13:14  Protoss Air Armor Level 1  
  140  13:18  Stalker  
  140  13:19  Stalker  
  144  13:30  Pylon  
  144  13:34  Pylon  
  144  13:42  Stalker  
  144  13:43  Stalker  
  148  14:04  Carrier (Chrono Boost)  
  148  14:07  Carrier (Chrono Boost)  
  160  14:14  Pylon  
  160  14:20  Pylon  
  160  14:23  Pylon  
  160  14:33  Carrier (Chrono Boost)  
  160  14:34  Protoss Air Weapons Level 3  
  166  14:53  Protoss Ground Weapons Level 1  
  166  14:56  Stalker  
  166  14:58  Stalker  
  170  15:28  Nexus  
  170  15:37  Tempest x2 (Chrono Boost)  
  178  15:47  Tempest (Chrono Boost)  
  182  16:08  Protoss Air Armor Level 2  
  182  16:47  Protoss Ground Armor Level 1  
  181  17:10  Observer  
  154  19:37  Pylon  
  154  19:39  Pylon  
  154  19:41  Stalker  
Tags
 
Matchup
PvP
Replay Pack
All Mines
Spawn Locations
Close Positions
Add a new tag
Caveats
  • Supply blocks, unpowered buildings, or Contaminate may cause inaccurate times.
  • Supply counts are checked every 10 seconds.